 Dungeon Crawl Stone Soup version 0.23-a0-494-g91793a9 (webtiles) character file.

1185 Amnesiac the Covert (level 8, -1/36 HPs)
             Began as a Spriggan Enchanter on Dec 3, 2018.
             Splashed by a jelly's acid (10 damage)
             ... on level 6 of the Dungeon.
             The game lasted 00:14:19 (4285 turns).

Amnesiac the Covert (Spriggan Enchanter)            Turns: 4285, Time: 00:14:20

Health: -1/36      AC: -2    Str:  4    XL:     8   Next: 19%
Magic:  25/28      EV: 21    Int: 18    God:
Gold:   246        SH:  0    Dex: 17    Spells: 8/20 levels left

rFire    . . .     SeeInvis +   a - +2 short sword (drain)
rCold    + . .     Gourm    .   (shield restricted)
rNeg     . . .     Faith    .   l - +0 robe
rPois    .         Spirit   .   (helmet restricted)
rElec    .         Reflect  .   (no cloak)
rCorr    .         Harm     .   (gloves unavailable)
MR       +....                  (boots unavailable)
Stlth    ++++......             d - amulet of the acrobat
HPRegen  0.12/turn              f - ring of protection from cold
MPRegen  0.21/turn              r - ring of magical power

@: corroded, very quick
A: very small, unfitting armour, see invisible, herbivore, speed 3, slow
metabolism 2
a: no special abilities


You were on level 6 of the Dungeon.
You were very full.

You visited 2 branches of the dungeon, and saw 7 of its levels.

You collected 246 gold pieces.

Inventory:

Hand Weapons
 a - a +2 short sword of draining (weapon)
 b - a +1 dagger
Armour
 l - a +0 robe (worn)
Jewellery
 d - an amulet of the acrobat (around neck)
 f - a ring of protection from cold (left hand)
 r - a ring of magical power (right hand)
Wands
 m - a wand of polymorph (8)
Scrolls
 e - 4 scrolls of remove curse {!r, unknown}
 h - 4 scrolls of identify {!r, unknown}
 i - a scroll of magic mapping {!r, unknown}
 j - 4 scrolls of enchant weapon {!r, unknown}
 o - a scroll of fog {!r, unknown}
 q - 3 scrolls of enchant armour {!r, unknown}
Potions
 c - 2 potions of degeneration {!q, unknown}
 g - a potion of berserk rage {!q, unknown}
 k - 3 potions of agility {!q, unknown}
 n - a potion of brilliance {!q, unknown}
 p - 2 potions of mutation {!q, unknown}
 t - a potion of might {!q, unknown}
Comestibles
 s - 2 rations


   Skills:
 + Level 4.8 Short Blades
 + Level 5.6 Dodging
 - Level 9.0 Stealth
 * Level 6.8 Spellcasting
 + Level 5.4 Hexes


You had 8 spell levels left.
You knew the following spells:

 Your Spells              Type           Power        Failure   Level  Hunger
a - Ensorcelled Hibernat  Hex/Ice        ###...       5%          2    None
b - Corona                Hex            ####...      1%          1    None
d - Dazzling Spray        Conj/Hex       ###...       11%         3    ##.....
e - Confuse               Hex            ####....     3%          3    ##.....
w - Tukima's Dance        Hex            ####....     3%          3    ##.....

Your spell library contained the following spells:

 Spells                   Type           Power        Failure   Level  Hunger
 Animate Skeleton         Necr           N/A          11%         1    None
 Pain                     Necr           #...         11%         1    None
 Regeneration             Chrm/Necr      #.........   32%         3    ##.....
 Vampiric Draining        Necr           #.........   32%         3    ##.....
 Animate Dead             Necr           N/A          73%         4    ####...


Dungeon Overview and Level Annotations

Branches:
Dungeon (6/15)             Temple (1/1) D:5

Altars:
Ashenzari
Cheibriados
Elyvilon
Fedhas
Hepliaklqana
Kikubaaqudgha
Makhleb
Nemelex Xobeh
Okawaru
Qazlal
Ru
Sif Muna
Trog
Uskayaw
Vehumet
Wu Jian
Xom
Yredelemnul
Zin
The Shining One

Shops:
D:4 [

Annotations:
D:3 Ijyb


Innate Abilities, Weirdness & Mutations

You are very small and have problems with some larger weapons.
You are too small for most types of armour.
You have supernaturally acute eyesight. (SInv)
You are a herbivore.
You cover ground extremely quickly.
You need to consume almost no food.


Message History

A hound comes into view.
Found a wooden ring.
An adder comes into view.
Found an escape hatch in the ceiling.
Found a stone staircase leading down.
A jackal and a jelly come into view.
Found 5 gold pieces.
The helpless adder fails to defend itself.
You impale the adder!!
You kill the adder!
The jackal barks!
Found a stone staircase leading up.
Found a stone staircase leading down.
There is a stone staircase leading down here.
A jackal comes into view.
The jackal bites you.
Found a ration.
You see here a ration.
s - 2 rations (gained 1)
The jackal completely misses you.
You hit the jelly.
Your hands burn!
The jelly is lightly wounded.
The jackal barely misses you.
Casting: Confuse (safe; 3% risk of failure)
Confirm with . or Enter, or press ? or * to list all spells.
Aiming: Confuse (safe; 3% risk of failure)
Press: ? - help, Shift-Dir - straight line, f - jelly
Aim: a jelly (lightly wounded, chance to defeat MR: 63%)
The jelly appears confused.
The jelly misses you. The jackal barely misses you.
Unknown command.
The jackal closely misses you. The jackal misses you.
The jelly completely misses you. The jackal barely misses you.
The jackal completely misses you. The jelly completely misses you.
You see here 5 gold pieces.
You now have 246 gold pieces (gained 5).
The jackal misses you. The jelly completely misses you.
The jackal barely misses you.
Casting: Confuse (safe; 3% risk of failure)
Confirm with . or Enter, or press ? or * to list all spells.
Aiming: Confuse (safe; 3% risk of failure)
Press: ? - help, Shift-Dir - straight line, f - jackal, p - jelly
Aim: a jackal (chance to defeat MR: 71%)
The jackal appears confused.
The jackal misses you.
Unknown command.
The jackal completely misses you. The jelly hits you. The acid corrodes you!
You are splashed with acid!
The acid burns!
The jackal completely misses you. The jackal misses you.
The jelly jiggles.
The jackal completely misses you. The jackal completely misses you.
The jackal completely misses you. The jelly completely misses you.
The jackal completely misses you.
You hit the jackal but do no damage. You drain the jackal!
The jackal is severely wounded.
The jelly hits you.
You are splashed with acid!
The acid burns!
* * * LOW HITPOINT WARNING * * *
You hit the jackal but do no damage. You drain the jackal!
You kill the jackal!
The jelly hits you.
* * * LOW HITPOINT WARNING * * *
You are splashed with acid!
The acid burns!
You die...

.....#.....###.# ##....#
#.......###.####.....##
#......<..............##
#.###.###.#.#.#..#.#........
#.....###.#.#.#..#.##....###
###<....#.#.#.#..#..........
#####...#.#....#####.#####
#..##J####.# #.# #
#..##@####.# #.# #
#.h##†#..... ..# # #..##.#.#
.# ## # #####..##.#.##.### #
#................. #
#.############.### #
.####### .......< ########


You could see a jelly (confused).

Vanquished Creatures
  Sigmund (D:3)
  A sky beast (D:5)
  2 eyes of draining (D:4)
  An ogre (D:4)
  A phantom (D:4)
  2 centaurs
  A scorpion (D:5)
  A howler monkey (D:5)
  A vampire bat (D:5)
  2 orc priests (D:3)
  2 hounds
  A bullfrog skeleton (D:4)
  A centaur skeleton (D:4)
  An iguana (D:5)
  A worker ant (D:5)
  2 gnolls (D:4)
  2 adders
  An adder skeleton (D:4)
  3 worms
  3 leopard geckos
  5 orcs (D:5)
  A ball python (D:6)
  12 bats
  2 giant cockroaches
  A goblin (D:2)
  3 hobgoblins
  A jackal (D:6)
  3 quokkas
  4 rats
62 creatures vanquished.

Vanquished Creatures (others)
  A giant cockroach (D:3)
1 creature vanquished.

Grand Total: 63 creatures vanquished

Notes
Turn   | Place    | Note
-------+----------+-------------------------------------------
     0 | D:1      | Amnesiac the Spriggan Enchanter began the quest for the
                  | Orb.
     0 | D:1      | Reached XP level 1. HP: 9/9 MP: 5/5
   348 | D:3      | Reached XP level 2. HP: 10/13 MP: 6/6
   352 | D:3      | Learned a level 2 spell: Ensorcelled Hibernation
   398 | D:4      | Noticed an ogre
   401 | D:4      | Found Feuquet's Armour Emporium.
   422 | D:4      | Killed an ogre
   422 | D:4      | Reached skill level 5 in Stealth
   422 | D:4      | Reached XP level 3. HP: 14/16 MP: 0/9
   422 | D:4      | Reached XP level 4. HP: 18/21 MP: 0/10
   430 | D:5      | Entered Level 5 of the Dungeon
   484 | D:5      | Noticed a sky beast
   498 | D:5      | Killed a sky beast
   498 | D:5      | Reached skill level 6 in Stealth
   498 | D:5      | Reached XP level 5. HP: 24/24 MP: 3/11
   503 | D:5      | Learned a level 3 spell: Confuse
   507 | D:5      | Learned a level 3 spell: Tukima's Dance
   599 | D:4      | Found a hazy altar of Hepliaklqana.
   626 | D:4      | Reached skill level 7 in Stealth
   744 | D:4      | Noticed a phantom
   847 | D:4      | Reached XP level 6. HP: 17/28 MP: 5/12
   852 | D:4      | Learned a level 3 spell: Dazzling Spray
  1082 | D:4      | Reached skill level 8 in Stealth
  1168 | D:4      | Found a blossoming altar of Fedhas.
  1475 | D:4      | Found a bloodstained altar of Trog.
  1694 | D:4      | Reached XP level 7. HP: 25/32 MP: 0/15
  1771 | D:4      | Reached skill level 5 in Spellcasting
  2025 | D:4      | You fall through a shaft!
  2085 | D:5      | Found a glowing golden altar of the Shining One.
  2087 | D:5      | Found a white marble altar of Elyvilon.
  2113 | D:5      | Found a blossoming altar of Fedhas.
  2340 | D:5      | Reached skill level 5 in Dodging
  2395 | D:5      | Reached skill level 9 in Stealth
  2440 | D:5      | Reached skill level 5 in Hexes
  2511 | D:5      | Found a staircase to the Ecumenical Temple.
  2552 | Temple   | Entered the Ecumenical Temple
  2913 | D:3      | Noticed Ijyb
  3012 | D:3      | Found a radiant altar of Vehumet.
  3022 | D:3      | Found a deep blue altar of Sif Muna.
  3139 | D:3      | Found a glowing silver altar of Zin.
  3258 | D:3      | Noticed Sigmund
  3271 | D:3      | Found a hide-covered altar of Uskayaw.
  3824 | D:3      | Reached XP level 8. HP: 21/36 MP: 18/18
  3880 | D:3      | Killed Sigmund
  4285 | D:6      | Splashed by a jelly's acid

Vault maps used:
D:1:      minmay_arrival_open_corners
D:3:      lemuel_crystal_altar, lemuel_round_altar, fiery_altar_vehumet,
          lemuel_doored_altar, grunt_decor_one_mirror,
          minmay_misc_feat_more_columns, uniq_sigmund, uniq_ijyb
D:4:      lemuel_crystal_altar, trog_eyes_of_draining, serial_shops, shop,
          first_ration, grunt_decor_mini_mirrors, fedhas_bush_and_centaur_altar
D:5:      minitemple, lemuel_round_altar, temple_doors_e, roderic_batcave
Temple:   minmay_freezing_vapour_temple

Skill      XL: |  1  2  3  4  5  6  7 |
---------------+----------------------+-----
Short Blades   | 3 4 |  4.8
Stealth        | 5 6 7 8 9 |  9.0
Spellcasting   | 3 4 6 |  6.8
Hexes          | 4 5 |  5.4
Dodging        | 5 |  5.6

Action                   |  1- 3 |  4- 6 |  7- 9 || total
-------------------------+-------+-------+-------++-------
Melee: Dagger            |    31 |    51 |   126 ||   208
       Short sword       |       |       |    49 ||    49
 Cast: Corona            |     6 |       |       ||     6
       Ensorcelled Hiber |     4 |    21 |    23 ||    48
       Confuse           |       |     8 |    14 ||    22
       Dazzling Spray    |       |     1 |       ||     1
 Stab: Sleeping          |     8 |     9 |    21 ||    38
       Confused          |       |     6 |     4 ||    10
       Invisible         |       |     1 |       ||     1
  Eat: Ration            |       |       |     5 ||     5
Armor: Robe              |     4 |       |    17 ||    21
Dodge: Dodged            |    22 |    27 |   168 ||   217

Table legend:
 A = Non-vault XP
 B = Vault XP
 C = Vault XP percentage of total XP
 D = Non-vault monster count
 E = Vault monster count
 F = Vault count percentage of total count
                 A         B        C        D         E       F
            +---------+---------+-------+---------+---------+-------
      Total |    1013 |     681 |  40.2 |      46 |      16 |  25.8
            +---------+---------+-------+---------+---------+-------
        D:1 |       1 |       0 |   0.0 |       1 |       0 |   0.0
        D:2 |      15 |       0 |   0.0 |       8 |       0 |   0.0
        D:3 |     106 |     220 |  67.5 |       9 |       1 |  10.0
        D:4 |     383 |     393 |  50.6 |      10 |       5 |  33.3
        D:5 |     490 |      68 |  12.2 |      15 |      10 |  40.0
        D:6 |      18 |       0 |   0.0 |       3 |       0 |   0.0
            +---------+---------+-------+---------+---------+-------
